 Dungeon Crawl Stone Soup version 0.25-b1-46-gb8a1ec05df (webtiles) character file.

Game seed: 16616132257594902538

29 Nixze the Stinger (level 3, -2/21 HPs)
             Began as an Octopode Venom Mage on June 9, 2020.
             Slain by a jackal (3 damage)
             ... on level 2 of the Dungeon.
             The game lasted 00:02:19 (881 turns).

Nixze the Stinger (Octopode Venom Mage)              Turns: 881, Time: 00:02:19

Health: -2/21      AC:  1    Str:  7    XL:     3   Next: 16%
Magic:  1/6        EV: 13    Int: 18    God:
Gold:   29         SH:  0    Dex: 12    Spells: 5/6 levels left

rFire    . . .     SeeInvis .   e - +0 dagger
rCold    . . .     Gourm    .   (no shield)
rNeg     . . .     Faith    .   (helmet restricted)
rPois    .         Spirit   .   (no amulet)
rElec    .         Reflect  .   (no ring)
rCorr    .         Harm     .   (no ring)
MR       .....                  (no ring)
Stlth    +++.......             (no ring)
HPRegen  0.07/turn              (no ring)
MPRegen  0.10/turn              (no ring)
                                (no ring)
                                (no ring)

@: no status effects
A: almost no armour, stealthy swim, amphibious, 8 rings, constrict 8, camouflage
1, gelatinous body 1
a: no special abilities


You were on level 2 of the Dungeon.
You were not hungry.

You visited 1 branch of the dungeon, and saw 2 of its levels.

You collected 29 gold pieces.

Inventory:

Hand Weapons
 e - a +0 dagger (weapon)
Missiles
 f - 5 stones (quivered)
Scrolls
 a - a scroll of remove curse {unknown}
 h - 6 scrolls of enchant armour {unknown}
 i - 2 scrolls of magic mapping {unknown}
Potions
 d - a potion of flight {unknown}
 g - a potion of haste {unknown}
Comestibles
 b - 5 rations


   Skills:
 - Level 2.0 Dodging
 - Level 4.0 Stealth
 - Level 2.0 Spellcasting
 - Level 1.0 Transmutations
 + Level 4.4 Poison Magic


You had 5 spell levels left.
You knew the following spells:

 Your Spells              Type           Power        Failure   Level  Hunger
a - Sting                 Tmut/Pois      ##..         6%          1    #......

Your spell library contained the following spells:

 Spells                   Type           Power        Failure   Level  Hunger
 Poisonous Vapours        Pois/Air       #.....       11%         2    ###....
 Ignite Poison            Fire/Tmut/Pois #.......     26%         3    ###....
 Olgreb's Toxic Radiance  Pois           ###.....     28%         4    #####..
 Mephitic Cloud           Conj/Pois/Air  #.......     30%         3    ###....


Dungeon Overview and Level Annotations

Branches:
Dungeon (2/15)

Altars:


Innate Abilities, Weirdness & Mutations

You cannot wear most types of armour.
You are very stealthy in the water. (Stealth+)
You are amphibious.
You can wear up to eight rings at the same time.
You can use your tentacles to constrict eight enemies at once.
Your skin changes colour to match your surroundings (Stealth+).
Your rubbery body absorbs attacks. (AC +1, EV +1)


Message History

The jackal bites you.
* * * LOW HITPOINT WARNING * * *
You release your grip on the jackal.
You kill the jackal!
Training target 4.0 for Stealth reached!
Your Stealth skill increases to level 4!
Casting: Sting (safe; 6% risk of failure)
Confirm with . or Enter, or press ? or * to list all spells.
Aiming: Sting (safe; 6% risk of failure)
Press: ? - help, Shift-Dir - straight line, f - jackal
Aim: a jackal The sting misses the jackal.
The jackal closely misses you.
Casting: Sting (safe; 6% risk of failure)
Confirm with . or Enter, or press ? or * to list all spells.
Aiming: Sting (safe; 6% risk of failure)
Press: ? - help, Shift-Dir - straight line, f/p - jackal
Aim: a jackal The sting misses the jackal.
The jackal barely misses you. The jackal bites you.
You die...

#...# #... .. #...
..#. #........# .#
#..##.#... .#
#..##.#.#.# .#
#..##.#.#.. .#
#.@##.#.##.#.#
#..h..#.# ...#
#.....#.###..#
#........†.<.#
#....................
###.###.#.###..######
... #.#.....>... ....
#.########## .....
#.#


You could see a jackal.

Vanquished Creatures
  An ooze (D:1)
  A dart slug (D:1)
  3 giant cockroaches (D:1)
  3 goblins (D:1)
  A hobgoblin (D:1)
  3 jackals (D:2)
  A frilled lizard (D:1)
  4 kobolds (D:1)
  4 rats
21 creatures vanquished.

Notes
Turn   | Place    | Note
-------+----------+-------------------------------------------
     0 | D:1      | Nixze the Octopode Venom Mage began the quest for the Orb.
     0 | D:1      | Reached XP level 1. HP: 11/11 MP: 3/3
   186 | D:1      | Reached XP level 2. HP: 17/17 MP: 3/5
   556 | D:1      | Reached XP level 3. HP: 21/21 MP: 2/6
   878 | D:2      | HP: 1/21 [jackal (3)]
   881 | D:2      | Slain by a jackal

Illustrated notes

Levels and vault maps discovered:
D:1:      psy_arrival_basics, layout_basic
D:2:      layout_basic, gammafunk_temple_overflow_arena, first_ration

Skill      XL: |  1  2  3 |
---------------+----------+-----
Stealth        | 3 4 |  4.0
Poison Magic   | 4 |  4.4
Dodging        | |  2.0
Spellcasting   | |  2.0
Transmutations | |  1.0

Action                   || total
-------------------------++-------
Melee: Dagger            ||    16
       Tentacles         ||     4
       Constrict         ||     5
       Unarmed           ||     1
Throw: Stone             ||     5
 Cast: Sting             ||    30
Armor: Skin              ||     4
Dodge: Dodged            ||    18
